 Dungeon Crawl Stone Soup version 0.22.1-1-ga44c0e56f4 (webtiles) character file.

5252 Knicklaso the Slicer (level 10, -1/61 HPs)
             Began as a Halfling Fighter on Sept 26, 2018.
             Was an Elder of Nemelex Xobeh.
             Splashed by a brown ugly thing's acid (8 damage)
             ... on level 9 of the Dungeon.
             The game lasted 00:36:58 (10594 turns).

Knicklaso the Slicer (Halfling Fighter)            Turns: 10594, Time: 00:36:59

Health: -1/61      AC:  0    Str: 18    XL:     10   Next: 93%
Magic:  17/17      EV: 13    Int: 11    God:    Nemelex Xobeh [****..]
Gold:   554        SH:  7    Dex: 16    Spells: 9/9 levels left

rFire    . . .     SeeInvis .   G - +1 dagger (venom)
rCold    . . .     Gourm    .   K - +0 buckler
rNeg     . . .     Faith    .   b - +1 leather armour of Action {Int+4}
rPois    .         Spirit   .   e - +0 helmet
rElec    .         Reflect  .   M - +0 cloak
rCorr    .         Harm     .   R - +1 pair of gloves
MR       .....                  z - +0 pair of boots (curse)
Stlth    +++++.....             (no amulet)
HPRegen  0.20/turn              E - +2 ring of protection
MPRegen  0.15/turn              A - ring of stealth

@: lethally poisoned (-1 -> -3), corroded, flying
A: small, mutation resistance 1
a: Triple Draw, Deal Four, Renounce Religion


You were on level 9 of the Dungeon.
You worshipped Nemelex Xobeh.
Nemelex Xobeh was greatly pleased with you.
You were hungry.

You visited 1 branch of the dungeon, and saw 10 of its levels.

You collected 554 gold pieces.

Inventory:

Hand Weapons
 p - a +0 short sword of venom
 G - a +1 dagger of venom (weapon)
 L - a +4 quarterstaff of chaos
 O - a +0 whip of electrocution
 P - a +1 dagger of protection
Missiles
 g - 216 stones (quivered)
 r - 29 poisoned needles
Armour
 b - the +1 leather armour of Action (worn) {Int+4}
   (You found it on level 6 of the Dungeon)

   It affects your intelligence (+4).
 e - a +0 helmet (worn)
 z - a cursed +0 pair of boots (worn)
 F - the +4 robe "Jebbip" {rElec rCorr}
   (You found it on level 5 of the Dungeon)

   It insulates you from electricity.
   It provides partial protection from all sources of acid and corrosion.
 K - a +0 buckler (worn)
 M - a +0 cloak (worn)
 R - a +1 pair of gloves (worn)
Jewellery
 k - a +2 ring of dexterity
 w - an uncursed ring of resist corrosion
 A - a ring of stealth (right hand)
 E - a +2 ring of protection (left hand)
Wands
 H - a wand of paralysis (29)
 J - a wand of digging (4)
 Q - a wand of polymorph (16)
 S - a wand of disintegration (9)
Scrolls
 a - 3 scrolls of immolation {unknown}
 h - 7 scrolls of identify {unknown}
 i - a scroll of blinking {unknown}
 m - 2 scrolls of magic mapping {unknown}
 q - 5 scrolls of remove curse {unknown}
 v - 2 scrolls of fear {unknown}
 x - a scroll of teleportation {unknown}
 y - 2 scrolls of enchant armour {unknown}
 D - a scroll of amnesia {unknown}
 N - 2 scrolls of vulnerability {unknown}
Potions
 d - 2 potions of might
 j - a potion of lignification {unknown}
 l - a potion of mutation {unknown}
 n - 4 potions of flight
 o - 2 potions of agility {unknown}
 s - 2 potions of magic
 u - a potion of heal wounds
 B - 3 potions of curing {unknown}
 I - a potion of brilliance {unknown}
Miscellaneous
 c - a plain deck of summoning {drawn: 3}
 C - a plain deck of summoning
Comestibles
 f - 15 rations
 t - 4 chunks of flesh


   Skills:
 - Level 2.6 Fighting
 + Level 10.7 Short Blades
 - Level 4.6 Armour
 + Level 8.9 Stealth
 - Level 6.0 Shields
 + Level 9.4 Invocations


You had 9 spell levels left.
You didn't know any spells.
Your spell library contained the following spells:

 Spells                   Type           Power        Failure   Level  Hunger
 Summon Small Mammal      Summ           #...         38%         1    ##.....
 Call Imp                 Summ           #.......     54%         2    ###....
 Call Canine Familiar     Summ           #.......     77%         3    ####...
 Summon Guardian Golem    Hex/Summ       #.......     77%         3    ####...
 Summon Ice Beast         Ice/Summ       #.......     99%         4    #####..
 Summon Lightning Spire   Summ/Air       #.......     99%         4    #####..
 Bolt of Magma            Conj/Fire/Erth #.........   100%        5    ######.
 Iskenderun's Battlesphe  Conj/Chrm      #.......     100%        5    ######.
 Venom Bolt               Conj/Pois      #.........   100%        5    ######.
 Iron Shot                Conj/Erth      #.........   100%        6    #######
 Orb of Destruction       Conj           #.........   100%        7    #######
 Spellforged Servitor     Conj/Summ      #.........   100%        7    #######


Dungeon Overview and Level Annotations

Branches:
Dungeon (10/15)            Temple (0/1) D:4
   Lair: D:8-11         Orc: D:9-12

Altars:
Cheibriados
Kikubaaqudgha
Nemelex Xobeh
Trog
Vehumet
Wu Jian
The Shining One

Shops:
D:5 [


Innate Abilities, Weirdness & Mutations

You are small and have problems with some larger weapons.
You are somewhat resistant to further mutation.


Message History

The brown ugly thing looks as sick as possible!
You barely miss the brown ugly thing.
The brown ugly thing is severely wounded.
You block the adder's attack.
The brown ugly thing closely misses you.
You feel sick.
Knicklaso's illusion hits the adder.
The adder looks as sick as possible!
The brown ugly thing closely misses you.
You strike the helpless adder from behind!
You impale the adder!!
You kill the adder!
Knicklaso's illusion barely misses the brown ugly thing.
You hit the brown ugly thing but do no damage.
The brown ugly thing looks as sick as possible!
The brown ugly thing is almost dead.
The brown ugly thing claws you.
* * * LOW HITPOINT WARNING * * *
You are splashed with acid!
The acid burns!
You die...
Your body glows slightly and disappears.

#..................
#..................
#..................
#..................
#..................
#..................
#>.................
#u†................
#@@................
#..................
#..................
#..................
#..................
#..................
#..................
#..................
#..................


You could see a brown ugly thing and the friendly Knicklaso's illusion.

Vanquished Creatures
  Pikel (D:5)
  Sigmund (D:6)
  3 yaks (D:8)
  A swamp worm (D:9)
  A water moccasin (D:10)
  3 orc warriors
  3 sky beasts (D:9)
  3 slaves (D:6)
  A black bear (D:9)
  3 ice beasts
  3 ogres
  An eye of draining (D:9)
  2 bullfrogs
  A big kobold (D:6)
  4 scorpions
  A water moccasin zombie (D:8)
  2 wights (D:7)
  A lava snake (D:9)
  A crimson imp (D:10)
  A centaur zombie (D:6)
  A bullfrog zombie (D:6)
  2 hounds
  4 orc priests
  Crazy Yiuf (D:5)
  A bullfrog skeleton (D:7)
  4 jellies
  Jessica (D:2)
  2 iguanas
  Natasha (D:3)
  4 orc wizards
  6 worker ants
  11 gnolls
  A howler monkey skeleton (D:4)
  11 adders
  3 shadow imps
  7 oozes
  An adder zombie (D:8)
  An adder skeleton (D:7)
  A worm (D:2)
  2 dart slugs (D:1)
  3 leopard geckos
  22 orcs
  9 giant cockroaches
  10 goblins
  5 hobgoblins
  15 jackals
  3 quokkas
  4 bats
  7 frilled lizards
  A jackal skeleton (D:4)
  13 kobolds
  A quokka skeleton (D:4)
  8 rats
203 creatures vanquished.

Vanquished Creatures (collateral kills)
  A shadow (D:9)
  3 yaks (D:8)
  A hungry ghost (D:7)
  Menkaure (D:6)
  A black bear (D:9)
  A phantom (D:6)
  An ice beast (D:5)
  An ogre (D:4)
  A gnoll sergeant (D:6)
  A scorpion (D:9)
  A water moccasin skeleton (D:4)
  2 wights (D:7)
  A quasit (D:9)
  An orc wizard (D:4)
  A hound (D:6)
  A hound zombie (D:9)
  An adder (D:4)
  12 orcs
  A jackal (D:4)
  A frilled lizard (D:4)
34 creatures vanquished.

Vanquished Creatures (others)
  An orc warrior (D:9)
  An orc wizard (D:9)
  2 orcs
4 creatures vanquished.

Grand Total: 241 creatures vanquished

Notes
Turn   | Place    | Note
-------+----------+-------------------------------------------
     0 | D:1      | Knicklaso the Halfling Fighter began the quest for the Orb.
     0 | D:1      | Reached XP level 1. HP: 15/15 MP: 1/1
   131 | D:1      | Reached XP level 2. HP: 20/20 MP: 2/2
   301 | D:1      | Found a sparkling altar of Nemelex Xobeh.
   306 | D:1      | Became a worshipper of Nemelex Xobeh the Trickster
   463 | D:1      | Reached skill level 3 in Short Blades
   463 | D:1      | Reached XP level 3. HP: 25/25 MP: 3/3
   513 | D:1      | Received a gift from Nemelex Xobeh
   994 | D:2      | Reached XP level 4. HP: 30/30 MP: 4/4
  1000 | D:2      | Reached skill level 1 in Invocations
  1362 | D:2      | Noticed Jessica
  1374 | D:2      | Killed Jessica
  1465 | D:2      | Reached XP level 5. HP: 35/35 MP: 6/6
  1559 | D:2      | Reached * piety under Nemelex Xobeh
  2219 | D:3      | Reached skill level 4 in Short Blades
  2528 | D:3      | Reached XP level 6. HP: 41/41 MP: 7/7
  2796 | D:3      | Noticed Natasha
  2803 | D:3      | Killed Natasha
  2805 | D:3      | Received a gift from Nemelex Xobeh
  2922 | D:4      | Found a staircase to the Ecumenical Temple.
  3214 | D:4      | Reached skill level 5 in Shields
  3400 | D:4      | Noticed an ogre
  3406 | D:4      | Killed an ogre
  3406 | D:4      | Reached XP level 7. HP: 45/45 MP: 9/9
  3464 | D:4      | Reached ** piety under Nemelex Xobeh
  3597 | D:4      | Received a gift from Nemelex Xobeh
  3735 | D:5      | Entered Level 5 of the Dungeon
  3781 | D:5      | Found a runed door.
  3841 | D:5      | Got a wizard robe
  3899 | D:5      | Found Fawkes's Antique Armour Shop.
  3911 | D:5      | Reached skill level 5 in Short Blades
  4593 | D:5      | Reached XP level 8. HP: 42/51 MP: 11/11
  4776 | D:5      | Noticed Crazy Yiuf
  4791 | D:5      | Killed Crazy Yiuf
  4847 | D:6      | Identified the +4 robe "Jebbip" {rElec rCorr} (You found it
                  | on level 5 of the Dungeon)
  4903 | D:6      | Reached skill level 6 in Short Blades
  4935 | D:6      | Reached skill level 1 in Stealth
  5009 | D:6      | Noticed Menkaure
  5024 | D:6      | Killed Menkaure
  5079 | D:6      | Reached skill level 5 in Invocations
  5089 | D:6      | Noticed Sigmund
  5382 | D:6      | Killed Sigmund
  5408 | D:6      | Reached *** piety under Nemelex Xobeh
  5414 | D:6      | Reached skill level 7 in Short Blades
  5571 | D:6      | Noticed Pikel
  5733 | D:6      | Reached XP level 9. HP: 41/55 MP: 13/13
  5750 | D:5      | Killed Pikel
  5750 | D:5      | Reached skill level 8 in Short Blades
  5750 | D:5      | Reached skill level 5 in Stealth
  5956 | D:6      | Got a transparent leather armour
  5967 | D:6      | Identified the +1 leather armour of Action {Int+4} (You
                  | found it on level 6 of the Dungeon)
  6556 | D:7      | Found an ornate altar of the Wu Jian Council.
  6779 | D:7      | Received a gift from Nemelex Xobeh
  7439 | D:8      | Reached skill level 9 in Short Blades
  7495 | D:8      | Reached **** piety under Nemelex Xobeh
  7593 | D:8      | Reached XP level 10. HP: 61/61 MP: 15/15
  7969 | D:9      | Received a gift from Nemelex Xobeh
  8454 | D:8      | Reached skill level 10 in Short Blades
  9368 | D:9      | Noticed a manticore
  9370 | D:9      | a manticore changed into a swamp worm
 10236 | D:9      | Found a radiant altar of Vehumet.
 10243 | D:9      | Found a bloodstained altar of Trog.
 10250 | D:9      | Found an ornate altar of the Wu Jian Council.
 10257 | D:9      | Found a sparkling altar of Nemelex Xobeh.
 10262 | D:9      | Found an ancient bone altar of Kikubaaqudgha.
 10269 | D:9      | Found a glowing golden altar of the Shining One.
 10274 | D:9      | Found a snail-covered altar of Cheibriados.
 10413 | D:10     | Entered Level 10 of the Dungeon
 10512 | D:10     | Noticed a brown ugly thing
 10573 | D:10     | HP: 1/61 [acid (8)]
 10594 | D:9      | Splashed by a brown ugly thing's acid

Skill      XL: |  1  2  3  4  5  6  7  8  9 10 |
---------------+-------------------------------+-----
Short Blades   | 3 4 5 7 9 10 | 10.7
Invocations    | 1 2 3 4 5 7 9 |  9.4
Armour         | 4 |  4.6
Shields        | 4 5 6 |  6.0
Stealth        | 4 6 8 |  8.9
Fighting       | |  2.6

Action                   |  1- 3 |  4- 6 |  7- 9 | 10-12 || total
-------------------------+-------+-------+-------+-------++-------
Melee: Rapier            |    78 |     7 |       |       ||    85
       Short sword       |       |   159 |    64 |       ||   223
       Dagger            |       |       |   463 |   352 ||   815
Throw: Stone             |       |     9 |       |    26 ||    35
Evoke: Deck              |     3 |     3 |    10 |     9 ||    25
       Wand              |       |       |     1 |     1 ||     2
  Use: Potion            |       |       |       |     4 ||     4
 Stab: Distracted        |       |       |     3 |     1 ||     4
       Sleeping          |       |       |     8 |    12 ||    20
  Eat: Chunk             |       |     8 |     8 |     6 ||    22
       Ration            |       |       |     2 |     1 ||     3
Armor: Scale mail        |    22 |    39 |     6 |       ||    67
       Robe              |       |       |    36 |       ||    36
       Leather armour    |       |       |    28 |    61 ||    89
Dodge: Dodged            |    11 |    22 |   138 |   110 ||   281
Block: Shield            |    40 |    79 |    62 |       ||   181
       Buckler           |       |       |    55 |    57 ||   112
